 Dungeon Crawl Stone Soup version 0.27-a0-1219-g958d993ae5 (webtiles) character file.

Game seed: 14849286877438290085

12979 ZappyNine the Fighter (level 12, -6/198 HPs)
             Began as an Ogre Fighter on June 6, 2021.
             Was a Priest of the Shining One.
             Mangled by a troll (14 damage)
             ... on level 11 of the Dungeon.
             The game lasted 00:21:37 (13809 turns).

ZappyNine the Fighter (Ogre Fighter)               Turns: 13809, Time: 00:21:38

Health: -6/198     AC:  5    Str: 38    XL:     12   Next: 1%
Magic:  18/20      EV: 11    Int:  9    God:    the Shining One [***...]
Gold:   534        SH:  0    Dex: 10    Spells: 20/22 levels left

rFire    . . .     SeeInvis .   f - +3 giant club "Skullcrusher" {speed, Str+7}
rCold    . . .     Faith    .   (shield currently unavailable)
rNeg     + . .     Spirit   .   C - +0 troll leather armour
rPois    .         Reflect  .   (helmet restricted)
rElec    .         Harm     .   (no cloak)
rCorr    .         Rampage  .   (gloves unavailable)
Will     ++...                  (boots unavailable)
Stlth    ..........             (no amulet)
HPRegen  1.43/turn              c - +6 ring of strength
MPRegen  0.17/turn              o - ring of willpower

@: berserking, spiked, glowing, very quick
A: large, unfitting armour, tough skin 1
a: Renounce Religion, Divine Shield


You were on level 11 of the Dungeon.
You worshipped the Shining One.
The Shining One was most pleased with you.
You visited 1 branch of the dungeon, and saw 11 of its levels.
You also visited: Sewer.

You collected 1229 gold pieces.
You spent 695 gold pieces at shops.

Inventory:

Hand Weapons
 a - a +1 flail
 f - the +3 giant club "Skullcrusher" (weapon) {speed, Str+7}
   (You acquired it on level 3 of the Dungeon)

   Attacks with this weapon are significantly faster.
   It affects your strength (+7).
Missiles
 e - 245 stones
 u - 55 poisoned darts
 z - a curare-tipped dart
 F - 2 large rocks (quivered)
 J - a throwing net
Armour
 t - +0 steam dragon scales
 C - a +0 troll leather armour (worn)
Magical Staves
 j - a staff of poison
Jewellery
 c - a +6 ring of strength (left hand)
 n - a +6 ring of intelligence
 o - a ring of willpower (right hand)
 D - a ring of fire
Wands
 d - a wand of charming (6)
 l - a wand of iceblast (28)
 y - a wand of polymorph (11)
 E - a wand of flame (21)
 I - a wand of mindburst (13)
Scrolls
 h - 4 scrolls of enchant weapon
 k - 2 scrolls of fog
 p - 2 scrolls of identify
 w - 4 scrolls of immolation
 G - a scroll of teleportation
 H - a scroll of fear
Potions
 b - 3 potions of brilliance
 g - 3 potions of lignification
 i - a potion of flight
 m - 2 potions of berserk rage
 q - 3 potions of attraction
 r - a potion of cancellation
 s - 5 potions of curing
 v - 2 potions of might
 x - 2 potions of haste
Miscellaneous
 A - a lightning rod (4/4)
 B - a phantom mirror


   Skills:
 - Level 12.0 Fighting
 - Level 9.0 Maces & Flails
 - Level 6.6 Throwing
 - Level 6.7 Dodging
 - Level 2.6 Shields
 + Level 5.7 Spellcasting
 + Level 4.7 Translocations
 - Level 7.0 Invocations


You had 20 spell levels left.
You knew the following spells:

 Your Spells              Type           Power      Damage    Failure   Level
a - Blink                 Tloc           N/A        N/A       5%          2

Your spell library contained the following spells:

 Spells                   Type           Power      Damage    Failure   Level
 Magic Dart               Conj           8%         1d3       24%         1
 Shock                    Conj/Air       8%         1d3       24%         1
 Call Imp                 Summ           2%         N/A       36%         2
 Slow                     Hex            2%         N/A       36%         2
 Conjure Flame            Conj/Fire      2%         6-21      58%         3
 Mephitic Cloud           Conj/Pois/Air  2%         N/A       58%         3
 Stone Arrow              Conj/Erth      4%         3d7       58%         3


Dungeon Overview and Level Annotations

Branches:
Dungeon (11/15)            Temple (0/1) D:6            Lair (0/6) D:9
    Orc (0/2) D:9           Sewer (visited)

Altars:
Dithmenos
Fedhas
Gozag
Kikubaaqudgha
Sif Muna
Trog
Uskayaw
Vehumet
The Shining One

Shops:
D:1 *   D:10 [=[

Annotations:
D:3 2 transporters


Innate Abilities, Weirdness & Mutations

You are too large for most types of armour.
You have tough skin. (AC +1)


Message History

You bludgeon the two-headed ogre!!
The two-headed ogre is severely wounded.
The two-headed ogre closely misses you.
The two-headed ogre hits you with a +0 giant club!!
You hit the two-headed ogre but do no damage.
The two-headed ogre is severely wounded.
A shadow comes into view.
You hit the two-headed ogre but do no damage.
The two-headed ogre is severely wounded.
The two-headed ogre hits you with a +0 giant club!!
The two-headed ogre hits you with a +0 giant club!
* * * LOW HITPOINT WARNING * * *
Unknown command.
Okay, then.
A red film seems to cover your vision as you go berserk!
You feel yourself moving faster!
You feel mighty!
The two-headed ogre hits you with a +0 giant club!!
* * * LOW HITPOINT WARNING * * *
The two-headed ogre hits you with a +0 giant club.
* * * LOW HITPOINT WARNING * * *
Unknown command.
The barbs in your skin will harm you if you move.
Continue?
Okay, then.
You bludgeon the two-headed ogre!!
You kill the two-headed ogre!
The shadow slips into darkness.
The shadow flickers and vanishes for a moment.
You have reached level 12!
Your experience leads to an increase in your attributes!
Your base attributes are Str 23, Int 9, Dex 10.
Increase (S)trength, (I)ntelligence, or (D)exterity?
You feel stronger. x2
Unknown command.
You hit the troll.
The troll is lightly wounded.
Unknown command.
You bludgeon the troll!!
The troll is severely wounded.
The troll bites you!
You die...

.... ...# .
######..# ..
....#..##.....#
...#.........# #
#....# .....#
##.[##...##.....#
#(.WHT@(..#.....#
#....#....#.....#
##.. ####..^....#
## ##......+ ..
#.###### ..# ##
##......# ..#
#.###.......# #
..# #.....#.....#
.#####..#
#.>...#.....#


You could see a manticore, a troll and a shadow (invisible).

Vanquished Creatures
  3 two-headed ogres
  A centaur warrior (D:10)
  An ugly thing (D:10)
  A manticore (D:11)
  A cyclops (D:10)
  2 centaur zombies
  An unseen horror (D:10)
  Psyche (D:7)
  A tengu conjurer (D:10)
  3 trolls (D:10)
  A hornet (D:11)
  A ynoxinul (D:10)
  A vampire (D:11)
  Grum (D:8)
  A wyvern (D:9)
  12 yaks
  2 water moccasins (D:7)
  5 orc warriors
  3 sky beasts
  An ice beast (D:7)
  3 black bears
  2 necrophages
  2 wolves (D:8)
  4 ogres
  An elf zombie (D:6)
  3 kobold brigands
  A gnoll sergeant (D:8)
  5 bullfrogs
  2 elf skeletons (D:6)
  2 wyvern zombies (D:6)
  2 scorpions
  5 killer bees (D:9)
  5 wights (D:8)
  3 howler monkeys (D:11)
  A hound (D:6)
  A human zombie (D:6)
  A bullfrog skeleton (D:6)
  5 jellies
  A gnoll shaman (D:9)
  4 orc priests
  3 iguanas (D:5)
  Ijyb (D:3)
  A centaur skeleton (D:6)
  A human skeleton (D:6)
  13 orc wizards
  9 gnolls
  11 adders
  A shadow imp (D:5)
  2 white imps
  A dart slug (D:2)
  23 orcs
  6 ball pythons
  An endoplasm (D:1)
  10 giant cockroaches
  13 goblins
  6 hobgoblins
  24 kobolds
  7 quokkas
  7 bats
  7 frilled lizards
  An orc skeleton (D:6)
  4 rats
248 creatures vanquished.

Vanquished Creatures (others)
  8 bushes (D:6)
  4 fungi (D:3)
  27 plants
39 creatures vanquished.

Grand Total: 287 creatures vanquished

Notes
Turn   | Place    | Note
-------+----------+-------------------------------------------
     0 | D:1      | ZappyNine the Ogre Fighter began the quest for the Orb.
     0 | D:1      | Reached XP level 1. HP: 24/24 MP: 1/1
   177 | D:1      | Reached XP level 2. HP: 22/33 MP: 2/2
   557 | D:1      | Found Zozet's General Store.
   713 | D:1      | Reached XP level 3. HP: 40/40 MP: 3/3
  1790 | D:2      | Reached skill level 5 in Fighting
  2039 | D:2      | Reached XP level 4. HP: 48/50 MP: 4/4
  2180 | D:2      | Found a faded altar of an unknown god.
  2213 | D:2      | You fall into a shaft and drop 2 floors!
  2616 | D:3      | Reached skill level 1 in Throwing
  2628 | D:3      | Identified a scroll of acquirement
  2628 | D:3      | Acquired the +3 giant club "Skullcrusher" {speed, Str+7}
  2629 | D:3      | Found the +3 giant club "Skullcrusher" {speed, Str+7}
  2771 | D:3      | Found a transporter.
  2884 | D:3      | Noticed Ijyb
  2889 | D:3      | Killed Ijyb
  2890 | D:3      | Reached XP level 5. HP: 38/57 MP: 5/5
  3001 | D:3      | Found a glowing drain.
  3049 | D:3      | Learned a level 2 spell: Blink
  3059 | D:3      | Found a blossoming altar of Fedhas.
  3185 | Sewer    | Entered a sewer
  3752 | Sewer    | Reached skill level 6 in Fighting
  3752 | Sewer    | Reached XP level 6. HP: 55/67 MP: 6/6
  3957 | D:3      | Found a transporter.
  4544 | D:5      | Entered Level 5 of the Dungeon
  4594 | D:5      | Identified the +1 leather armour "Jetyniv" {*Corrode rN++
                  | Slay+3}
  4638 | D:5      | Reached XP level 7. HP: 69/76 MP: 7/7
  4650 | D:5      | Reached skill level 7 in Fighting
  4915 | D:5      | Noticed a yak
  4915 | D:5      | Noticed a yak
  4916 | D:5      | Noticed a yak
  4954 | D:5      | Killed a yak
  4958 | D:5      | Killed a yak
  4964 | D:5      | Killed a yak
  4965 | D:5      | Reached skill level 8 in Fighting
  4965 | D:5      | Reached skill level 5 in Maces & Flails
  4965 | D:5      | Reached XP level 8. HP: 65/88 MP: 8/8
  5206 | D:5      | Found a glowing golden altar of the Shining One.
  5354 | D:5      | Became a worshipper of the Shining One
  5818 | D:6      | Reached skill level 1 in Invocations
  6457 | D:6      | Reached skill level 9 in Fighting
  6468 | D:6      | Reached XP level 9. HP: 76/98 MP: 10/10
  6641 | D:6      | Reached * piety under the Shining One
  6880 | D:6      | Reached skill level 5 in Dodging
  6907 | D:6      | Found an ancient bone altar of Kikubaaqudgha.
  6920 | D:6      | Acquired 548 gold pieces
  7129 | D:1      | Bought +0 steam dragon scales for 520 gold pieces
  7129 | D:1      | Bought a scroll of immolation for 45 gold pieces
  7129 | D:1      | Bought a potion of haste for 130 gold pieces
  7446 | D:6      | Found a staircase to the Ecumenical Temple.
  7579 | D:7      | Reached skill level 10 in Fighting
  7826 | D:7      | Found a radiant altar of Vehumet.
  8194 | D:7      | Reached skill level 5 in Throwing
  8575 | D:8      | Noticed Psyche
  8586 | D:7      | Killed Psyche
  8587 | D:7      | Reached XP level 10. HP: 104/111 MP: 11/13
  8592 | D:8      | Identified the +2 robe of Noughts and Crosses {rC+ Int+6
                  | Slay-6}
  8891 | D:8      | Reached ** piety under the Shining One
  9159 | D:8      | Identified the +10 falchion of Shame {vorpal, rElec rF+
                  | Stlth+}
  9212 | D:8      | Reached skill level 11 in Fighting
  9345 | D:8      | Found a shadowy altar of Dithmenos.
  9701 | D:8      | Noticed Grum
  9715 | D:8      | Killed Grum
  9960 | D:8      | Found a hide-covered altar of Uskayaw.
 10076 | D:8      | Found an opulent altar of Gozag.
 10270 | D:9      | Found a staircase to the Orcish Mines.
 10380 | D:9      | Found a staircase to the Lair.
 10579 | D:9      | Reached skill level 5 in Invocations
 12303 | D:10     | Entered Level 10 of the Dungeon
 12355 | D:10     | Found Zovyuph's Armour Boutique.
 12410 | D:10     | Found Ajas's Jewellery Boutique.
 12416 | D:10     | Reached XP level 11. HP: 99/123 MP: 15/15
 12604 | D:10     | Noticed a two-headed ogre
 12612 | D:10     | Killed a two-headed ogre
 12613 | D:10     | Reached skill level 12 in Fighting
 12616 | D:10     | Found Siunn's Antique Armour Emporium.
 12645 | D:10     | Found a shimmering blue altar of Sif Muna.
 12676 | D:10     | Identified Sif Muna's Volume of Confrontation
 12682 | D:10     | Found a bloodstained altar of Trog.
 13060 | D:10     | Noticed a brown ugly thing
 13071 | D:10     | Killed a brown ugly thing
 13072 | D:10     | Reached skill level 1 in Spellcasting
 13072 | D:10     | Reached skill level 1 in Translocations
 13138 | D:10     | Noticed a centaur warrior
 13145 | D:10     | Killed a centaur warrior
 13166 | D:10     | Noticed a cyclops
 13181 | D:10     | Killed a cyclops
 13345 | D:11     | Noticed a manticore
 13350 | D:11     | Killed a manticore
 13392 | D:11     | Reached *** piety under the Shining One
 13725 | D:11     | Noticed a two-headed ogre
 13737 | D:11     | Killed a two-headed ogre
 13770 | D:11     | Reached skill level 5 in Spellcasting
 13796 | D:11     | Noticed a manticore
 13797 | D:11     | Noticed a two-headed ogre
 13806 | D:11     | HP: 9/184 [two-headed ogre/+0 giant club (24)]
 13807 | D:11     | Killed a two-headed ogre
 13808 | D:11     | Reached XP level 12. HP: 6/132 MP: 18/20
 13809 | D:11     | Mangled by a troll

Illustrated notes

Levels and vault maps discovered:
D:1:      dpeg_arrival_morbid_curiosity, layout_basic, serial_shops,
          nicolae_shop_behind_doors, st_stairs_5
D:2:      layout_loops_ring, ebering_ecumenical_altar_rust, serial_bayou_pond_d,
          nrook_mini_backslash, amcnicky_mini_pool_small
D:3:      gammafunk_wand_slinger, layout_basic,
          yredelemnul_forgotten_temple_becter, fedhas_altar_3,
          gup_sewer_entry_glass, uniq_ijyb
D:4:      layout_basic
D:5:      layout_basic, tso_oasis_becter, serial_bayou_lagoon_a,
          minmay_misc_feat_tower
D:6:      layout_loops_ring, kiku_gazebo_pond_becter,
          minmay_temple_entry_enclosed_plants, nicolae_ossuary_entry_catacombs,
          minmay_hedge_maze
D:7:      layout_cave_pools, lemuel_round_altar, fiery_altar_vehumet
D:8:      layout_basic, nicolae_dithmenos_shadow_blocks,
          nicolae_uskayaw_dance_studio, general_overflow_altar,
          kennysheep_doodads, uniq_psyche, uniq_grum
D:9:      layout_grid_maze, lair_entry_dummy, david_orc_2
D:10:     layout_small_grid, nzn_overflow_gifts_of_might_and_magic,
          serial_shops, shop, shop_fountains, nicolae_shop_crystal,
          wad_mini_maze
D:11:     layout_stronghold, minivault_16, minmay_joined_circles

Skill      XL: |  1  2  3  4  5  6  7  8  9 10 11 |
---------------+----------------------------------+-----
Maces & Flails | 2 3 4 5 7 8 9 |  9.0
Fighting       | 5 6 8 9 10 11 12 | 12.0
Dodging        | 3 4 5 6 |  6.7
Throwing       | 1 2 3 4 5 6 |  6.6
Invocations    | 2 4 6 7 |  7.0
Spellcasting   | 5 |  5.7
Translocations | 4 |  4.7
Shields        | |  2.6

Action                   |  1- 3 |  4- 6 |  7- 9 | 10-12 || total
-------------------------+-------+-------+-------+-------++-------
Melee: Flail             |   142 |    49 |       |       ||   191
       Giant club        |       |    97 |   146 |   233 ||   476
Throw: Stone             |    22 |       |    30 |    31 ||    83
       Dart              |       |       |       |    12 ||    12
       Large rock        |       |       |       |     3 ||     3
Invok: Divine Shield     |       |       |       |     2 ||     2
  Use: Scroll            |       |    10 |     2 |     3 ||    15
       Potion            |       |     1 |     1 |     1 ||     3
 Stab: Sleeping          |     1 |       |       |       ||     1
Armor: Robe              |    63 |    29 |    24 |       ||   116
       Steam dragon scal |       |       |     7 |    29 ||    36
       Troll leather arm |       |       |       |    13 ||    13
Dodge: Dodged            |    85 |    70 |    51 |   141 ||   347
Block: Kite shield       |    88 |    30 |       |       ||   118
       Other             |       |       |       |    15 ||    15

Table legend: (Time is in decaauts)
 A = Elapsed time spent in this place.
 B = Non-inter-level travel time spent in this place.
 C = Inter-level travel time spent in this place.
 D = Time resting spent in this place.
 E = Time spent auto-exploring this place.
 F = Levels seen in this place.
 G = Mean time per level.
                   A        B        C        D        E       F      G
               +--------+--------+--------+--------+--------+-----+--------+
         Total |  13909 |  13238 |    671 |   2281 |   8566 |  12 | 1159.1 |
       Dungeon |  13157 |  12486 |    671 |   1906 |   8529 |  11 | 1196.1 |
         Sewer |    751 |    751 |      0 |    375 |     37 |   1 |  751.0 |
               +--------+--------+--------+--------+--------+-----+--------+

Top non-repeatable levels by time:
     D:9: 2095 daAuts
     D:1: 1944 daAuts
     D:6: 1452 daAuts
     D:7: 1303 daAuts
     D:8: 1298 daAuts
     D:5: 1273 daAuts
    D:10: 1005 daAuts
     D:4: 928 daAuts
     D:3: 795 daAuts
   Sewer: 751 daAuts
     D:2: 582 daAuts
    D:11: 477 daAuts
